 Dungeon Crawl Stone Soup version 0.31-a0-431-g88bdf31460 (webtiles) character file.

Game seed: 1621412115097737469

5385 LeprechaunX the Grappler (level 10, -1/64 HPs)
             Began as an Octopode Shapeshifter on July 31, 2023.
             Was a Priest of Hepliaklqana.
             Slain by a centaur warrior
             ... wielding a +0 trident
              (11 damage)
             ... on level 9 of the Dungeon.
             The game lasted 00:12:15 (9404 turns).

LeprechaunX the Grappler (Octopode Shapeshifter)    Turns: 9404, Time: 00:12:15

Health: -1/64      AC:  1    Str: 17    XL:     10   Next: 66%
Magic:  19/19      EV: 16    Int: 11    God:    Hepliaklqana [***...]
Gold:   493        SH:  0    Dex: 14    Spells: 9/9 levels left

rFire   . .          .
                       - Unarmed
rCold   . . .        (no shield)
rNeg    . . .        (helmet currently unavailable)
rPois   .            (no amulet)
rElec   .            t - ring of magical power
rCorr   .            (no ring)
SInv    .            (no ring)
Will    .....        (no ring)
Stlth   ++           (no ring)
HPRegen 0.30/turn    (no ring)
MPRegen 0.16/turn    (no ring)
                     (no ring)

%: no passive effects
@: beast-form
A: beast (slay +5), reduced essence, almost no armour, amphibious, 8 rings,
camouflage 1, gelatinous body 1, (nimble swimmer 1), tentacles
a: Begin Untransformation, Renounce Religion, Recall Ancestor, Ancestor
Identity, Transference


You were on level 9 of the Dungeon.
You worshipped Hepliaklqana.
Hepliaklqana was most pleased with you.
You were a hulking beast.
You visited 1 branch of the dungeon, and saw 9 of its levels.

You collected 493 gold pieces.

Inventory:

Hand Weapons
 a - a +1 sling of freezing
Missiles
 h - 9 boomerangs (quivered)
 i - a throwing net
Jewellery
 t - a ring of magical power (left tentacle)
Talismans
 b - a beast talisman (active)
Wands
 n - a wand of charming (15)
 o - a wand of flame (47)
 v - a wand of roots (14)
 A - a wand of mindburst (17)
Scrolls
 d - 4 scrolls of identify {unknown}
 e - 8 scrolls of teleportation {unknown}
 f - a scroll of immolation {unknown}
 g - a scroll of silence {unknown}
 j - a scroll of enchant armour {unknown}
 m - a scroll of fog {unknown}
 s - a scroll of vulnerability {unknown}
 u - a scroll of revelation {unknown}
 x - a scroll of blinking {unknown}
 y - a scroll of poison {unknown}
Potions
 c - 2 potions of curing
 k - a potion of invisibility {unknown}
 l - a potion of haste {unknown}
 p - 2 potions of heal wounds {unknown}
 q - 3 potions of brilliance {unknown}
 r - a potion of magic {unknown}
 w - 2 potions of might {unknown}
 z - a potion of mutation {unknown}
 B - a potion of lignification


   Skills:
 + Level 8.1 Fighting
 - Level 7.5 Dodging
 + Level 8.5 Unarmed Combat
 + Level 7.3 Shapeshifting


You had 9 spell levels left.
You didn't know any spells.
Your spell library contained the following spells:

 Spells                   Type           Power      Damage    Failure   Level
 Foxfire                  Conj/Fire      0%         2x1d4     34%         1
 Slow                     Hex            0%         N/A       34%         1
 Blink                    Tloc           0%         N/A       47%         2
 Lesser Beckoning         Tloc           0%         N/A       47%         2
 Momentum Strike          Conj/Tloc      0%         3d8       47%         2
 Confusing Touch          Hex            0%         N/A       71%         3
 Vampiric Draining        Necr           0%         2d6       71%         3
 Fireball                 Conj/Fire      0%         3d3       100%        5
 Iskenderun's Battlesphe  Conj           0%         2d6       100%        5
 Metabolic Englaciation   Hex/Ice        0%         N/A       100%        5
 Summon Mana Viper        Hex/Summ       0%         N/A       100%        5
 Conjure Ball Lightning   Conj/Air       0%         3x3d6     100%        6
 Plasma Beam              Fire/Air       0%         2x1d10    100%        6
 Starburst                Conj/Fire      0%         6d3       100%        6
 Orb of Destruction       Conj           0%         9d5       100%        7
 Chain Lightning          Conj/Air       0%         N/A       100%        9
 Fire Storm               Conj/Fire      0%         5d1       100%        9
 Shatter                  Erth           0%         3d5*      100%        9


Dungeon Overview and Level Annotations

Branches:
Dungeon (9/15)             Temple (0/1) D:4
   Lair: D:8-11         Orc: D:9-12

Altars:
Fedhas
Hepliaklqana
Kikubaaqudgha
Makhleb
Okawaru
Wu Jian

Shops:
D:4 :   D:5 *

Annotations:
D:3 2 transporters, bahustanut's ghost, amateur DsSh


Innate Abilities, Weirdness & Mutations

You are a hulking beast.
Your limbs bulge with bestial killing power. (Slay +5)
Your life essence is reduced to manifest your ancestor. (-10% HP)
You cannot wear most types of armour.
You are amphibious.
You can wear up to eight rings at the same time.
Your skin changes colour to match your surroundings (Stealth+).
Your rubbery body absorbs attacks. (AC +1, EV +1)
((You are camouflaged when in or above water. (Stealth+)))
You have tentacles for arms and can constrict up to eight enemies at once.


Message History

You kill the orc!
You bludgeon the orc!
You kill the orc!
You swing at nothing.
You miss something. You tentacle-slap something!
You hear some strange, mumbled words.
Something tries to affect you, but you resist.
Something hits you.
Things that are here:
a +0 whip; a +0 orcbow; a centaur skeleton You bludgeon something!
Reactivating autopickup.
You feel a bit more experienced.
A centaur warrior and a bullfrog come into view.
The bullfrog misses you.
The centaur warrior hits you from afar with a +0 trident!
Items here: )) [[ รท.
You bludgeon the bullfrog! Your grab misses the bullfrog.
You squeeze the bullfrog.
You kill the bullfrog!
The centaur warrior unwields a +0 trident.
The centaur warrior wields a +0 shortbow.
The centaur warrior shoots an arrow.
The arrow hits you!!
* * * LOW HITPOINT WARNING * * *
The centaur warrior shoots an arrow.
The arrow misses you.
The centaur warrior shoots an arrow.
The arrow closely misses you.
The centaur warrior unwields a +0 shortbow.
The centaur warrior wields a +0 trident.
The centaur warrior barely misses you.
The centaur warrior kicks you but does no damage.
You tentacle-slap the centaur warrior.
The centaur warrior is lightly wounded.
The centaur warrior hits you with a +0 trident.
* * * LOW HITPOINT WARNING * * *
The centaur warrior kicks you.
* * * LOW HITPOINT WARNING * * *
You bludgeon the centaur warrior!
The centaur warrior is moderately wounded.
The centaur warrior hits you with a +0 trident!
You die...

.....#...#......'.####
....#.. #......#....#
#...#.###......#<...# .
#...#.'........#....# #.
#...#.######...#....#
#..##...#......#####....#
#.......#..........)....#
#.......#....c).....)...#
...##...####)#h.........#
. #.......c#..........#
#........#....).....#
#.......)#..........#
#..........#.....######
#..........#.....#
..........).#.....#
#............#######
..............


You could see a centaur warrior.

Vanquished Creatures
  Joseph (D:7)
  A gargoyle (D:7)
  A kobold demonologist (D:9)
  A meliai (D:9)
  Sigmund (D:4)
  A basilisk (D:6)
  3 steam dragons
  Menkaure (D:4)
  Edmund (D:4)
  A water moccasin (D:9)
  Duvessa (D:7)
  An orc warrior (D:9)
  A sky beast (D:7)
  A black bear (D:7)
  An ogre (D:5)
  A phantom (D:5)
  Blork the orc (D:4)
  4 bullfrogs
  2 gnoll sergeants (D:6)
  A scorpion (D:4)
  4 killer bees (D:8)
  3 howler monkeys
  2 hounds (D:4)
  2 orc priests
  3 iron imps (D:5)
  3 iguanas
  6 orc wizards
  8 gnolls
  5 adders
  3 shadow imps
  A white imp (D:7)
  An ufetubus (D:7)
  A worm (D:2)
  23 orcs
  5 endoplasms
  2 giant cockroaches
  5 goblins
  7 hobgoblins
  4 quokkas
  9 ball pythons
  7 bats
  2 frilled lizards
  3 kobolds
  6 rats
141 creatures vanquished.

Vanquished Creatures (collateral kills)
  An ugly thing (D:6)
  A yak (D:9)
  A wraith (D:6)
  2 centaurs
  A bullfrog (D:8)
  A gnoll sergeant (D:9)
  Dowan (D:7)
  5 killer bees (D:8)
  A howler monkey (D:8)
  An orc wizard (D:9)
  An adder (D:6)
  A gnoll (D:6)
  3 orcs
20 creatures vanquished.

Vanquished Creatures (others)
  5 battlemagi
5 creatures vanquished.

Grand Total: 166 creatures vanquished

Notes
Turn   | Place    | Note
-------+----------+-------------------------------------------
     0 | D:1      | LeprechaunX the Octopode Shapeshifter began the quest for
                  | the Orb.
     0 | D:1      | Reached XP level 1. HP: 13/13 MP: 1/1
   136 | D:1      | Reached XP level 2. HP: 16/18 MP: 2/2
   392 | D:1      | Found a faded altar of an unknown god.
  1031 | D:2      | Reached XP level 3. HP: 23/23 MP: 3/3
  1350 | D:2      | Reached XP level 4. HP: 29/29 MP: 4/4
  1540 | D:2      | Identified the +1 helmet "Goapufid" {rF++ Regen+ Str-5
                  | Int+2}
  1885 | D:3      | Found a transporter.
  2177 | D:3      | Found a transporter.
  2181 | D:3      | Noticed bahustanut's ghost (amateur DsSh)
  2213 | D:3      | Reached XP level 5. HP: 32/35 MP: 5/5
  2392 | D:4      | Noticed Blork the orc
  2403 | D:4      | Killed Blork the orc
  2629 | D:4      | Reached XP level 6. HP: 26/42 MP: 6/6
  2694 | D:4      | Found an ornate altar of the Wu Jian Council.
  2866 | D:4      | Found a hazy altar of Hepliaklqana.
  2874 | D:4      | Found an iron altar of Okawaru.
  2880 | D:4      | Became a worshipper of Hepliaklqana the Forgotten
  2923 | D:4      | Noticed Sigmund
  2924 | D:4      | Found a staircase to the Ecumenical Temple.
  2934 | D:4      | Killed Sigmund
  3008 | D:4      | Found Dyrreas's Tremendous Tomes.
  3071 | D:4      | Reached XP level 7. HP: 46/46 MP: 7/7
  3445 | D:4      | Noticed Menkaure
  3451 | D:4      | Killed Menkaure
  3625 | D:4      | Noticed Edmund
  3633 | D:4      | Killed Edmund
  3634 | D:4      | Reached skill level 5 in Unarmed Combat
  3850 | D:5      | Entered Level 5 of the Dungeon
  4003 | D:5      | Reached XP level 8. HP: 36/54 MP: 8/8
  4485 | D:5      | Found a burning altar of Makhleb.
  4511 | D:5      | Reached skill level 5 in Dodging
  4663 | D:5      | Reached * piety under Hepliaklqana
  4666 | D:5      | Found Iset's Elemental Accessories.
  4670 | D:5      | Reached skill level 5 in Shapeshifting
  4919 | D:6      | Reached skill level 5 in Fighting
  4960 | D:6      | Noticed a white ugly thing
  4962 | D:6      | Noticed a wraith
  4991 | D:6      | Killed a wraith
  5340 | D:6      | Reached ** piety under Hepliaklqana
  5341 | D:6      | Remembered your ancestor Wystan as a battlemage
  5439 | D:6      | Found a blossoming altar of Fedhas.
  5439 | D:6      | Found an ancient bone altar of Kikubaaqudgha.
  5463 | D:6      | Got the Incunable of the Magi
  5652 | D:6      | Reached XP level 9. HP: 46/55 MP: 9/9
  5719 | D:6      | Killed a white ugly thing
  5926 | D:7      | Noticed a gargoyle
  6001 | D:7      | Killed a gargoyle
  6198 | D:7      | Noticed Joseph
  6451 | D:7      | Noticed Dowan
  6881 | D:7      | Noticed Duvessa
  6887 | D:7      | Killed Duvessa
  6889 | D:7      | Killed Dowan
  6969 | D:7      | Killed Joseph
  7586 | D:8      | Reached XP level 10. HP: 55/62 MP: 10/10
  8084 | D:8      | Reached *** piety under Hepliaklqana
  8621 | D:9      | Noticed a skeletal warrior
  8633 | D:9      | Noticed a centaur warrior
  8973 | D:9      | Identified the +1 leather armour of Noon {Will+ rCorr}
  8973 | D:9      | Noticed a kobold demonologist
  9000 | D:9      | Killed a kobold demonologist
  9129 | D:9      | HP: 3/64 [something (4)]
  9396 | D:9      | Noticed a centaur warrior
  9404 | D:9      | Slain by a centaur warrior

Illustrated notes

Levels and vault maps discovered:
D:1:      psy_arrival_conway, layout_loops_corners,
          nicolae_ecumenical_snake_handling, hex_medium, minmay_tetromino_i2
D:2:      layout_loops_ring
D:3:      layout_basic, gammafunk_ghost_mausoleum, kennysheep_nondescript
D:4:      layout_loops_corners, nicolae_wu_jian_wuxing_cycle,
          mainiacjoe_overflow_large_starburst, minmay_temple_entry_butterflies,
          nicolae_shop_i_like_big_books, uniq_edmund, uniq_menkaure,
          uniq_sigmund, uniq_blork_the_orc
D:5:      layout_basic, demons_altar, nicolae_elemental_shop
D:6:      layout_basic, grunt_temple_overflow_growth_and_decay, kb_rosetta
D:7:      layout_layer_cave, uniq_duvessa, uniq_joseph
D:8:      layout_loops_ring, grunt_ministairs_5
D:9:      minmay_bloctagon, layout_irregular_city, doesnt_xom_only_xom,
          amcnicky_altar_gilded, nrook_loot_triangle, dk_vineyard_2

Skill      XL: |  1  2  3  4  5  6  7  8  9 10 |
---------------+-------------------------------+-----
Fighting       | 2 3 4 5 6 8 |  8.1
Dodging        | 3 4 5 7 |  7.5
Unarmed Combat | 4 5 6 7 8 |  8.5
Shapeshifting  | 4 5 6 7 |  7.3

Action                     |  1- 3 |  4- 6 |  7- 9 | 10-12 || total
---------------------------+-------+-------+-------+-------++-------
  Melee: Unarmed           |    44 |    79 |   137 |    63 ||   323
         Constrict         |    18 |    18 |    24 |    13 ||    73
         Tentacles         |     7 |    12 |    41 |     8 ||    68
         Punch             |     1 |     2 |     3 |     3 ||     9
   Fire: Sling             |       |       |       |    17 ||    17
  Throw: Boomerang         |     2 |       |     7 |       ||     9
         Dart              |       |     3 |     8 |     1 ||    12
 Invoke: Ancestor Life: Ba |       |       |     1 |       ||     1
    Use: Potion            |       |       |     1 |     1 ||     2
   Stab: Sleeping          |     7 |     6 |     4 |     1 ||    18
 Armour: Skin              |     2 |     3 |    11 |     3 ||    19
  Dodge: Dodged            |    20 |    27 |    65 |    46 ||   158

Table legend: (Time is in decaauts)
 A = Elapsed time spent in this place.
 B = Non-inter-level travel time spent in this place.
 C = Inter-level travel time spent in this place.
 D = Time resting spent in this place.
 E = Time spent auto-exploring this place.
 F = Levels seen in this place.
 G = Mean time per level.
                   A        B        C        D        E       F      G
               +--------+--------+--------+--------+--------+-----+--------+
         Total |   9398 |   8995 |    403 |   2058 |   5649 |   9 | 1044.2 |
       Dungeon |   9398 |   8995 |    403 |   2058 |   5649 |   9 | 1044.2 |
               +--------+--------+--------+--------+--------+-----+--------+

Top non-repeatable levels by time:
     D:7: 1565 daAuts
     D:4: 1519 daAuts
     D:8: 1293 daAuts
     D:6: 1238 daAuts
     D:1: 963 daAuts
     D:5: 938 daAuts
     D:2: 713 daAuts
     D:3: 643 daAuts
     D:9: 522 daAuts
